 Dungeon Crawl Stone Soup version 0.19.0-11-g3fc08b3 (webtiles) character file.

83308 McCoppin the Basher (level 16, -9/122 HPs)
             Began as a Formicid Fighter on Nov 8, 2016.
             Was the Champion of Kikubaaqudgha.
             Killed from afar by an ogre mage (36 damage)
             ... with a crystal spear
             ... on level 15 of the Dungeon.
             The game lasted 01:52:08 (28927 turns).

McCoppin the Basher (Formicid Fighter)             Turns: 28927, Time: 01:52:10

Health: -9/122     AC: 20    Str: 26    XL:     16   Next: 24%
Magic:  30/30      EV:  9    Int: 13    God:    Kikubaaqudgha [******]
Gold:   2059       SH: 12    Dex:  8    Spells: 5 memorised, 21 levels left

rFire  + . .     SeeInvis +     o - +9 quick blade (pain)
rCold  . . .     Gourm    .     M - +3 chain mail "Edim" {MR- Str+3 Slay+2}
rNeg   + . .     Faith    .     c - +0 shield
rPois  +         Spirit   .     (helmet unavailable)
rElec  +         Reflect  .     J - +2 cloak {+Inv}
rCorr  .         Harm     .     g - +1 pair of gloves
MR     .....                    (no boots)
Stlth  ..........               i - amulet of magic regeneration
                                W - ring of positive energy
                                v - ring of protection from fire

@: no status effects
A: permanent stasis, dig shafts and tunnels, four strong arms, antennae 3,
clumsy 1, poison resistance, shaggy fur 1, electricity resistance, sturdy frame
1
a: Dig, Shaft Self, Receive Corpses, Torment, Renounce Religion, Evoke
Invisibility


You were on level 15 of the Dungeon.
You worshipped Kikubaaqudgha.
Kikubaaqudgha was exalted by your worship.
You were not hungry.

You visited 3 branches of the dungeon, and saw 22 of its levels.
You visited the Abyss 1 time.
You also visited: Labyrinth, Ossuary and Bailey.

You collected 2059 gold pieces.

Inventory:

Hand Weapons
 o - a +9 quick blade of pain (weapon)
 L - a +1 dire flail of draining
 X - a +1 great mace of protection
Missiles
 r - 2 throwing nets (quivered)
Armour
 b - a cursed +0 large shield
 c - a +0 shield (worn)
 g - a +1 pair of gloves (worn)
 u - +2 gold dragon scales
 J - a +2 cloak of invisibility (worn)
 M - the +3 chain mail "Edim" (worn) {MR- Str+3 Slay+2}
   (You found it on level 6 of the Dungeon)

   It affects your strength (+3).
   It affects your accuracy and damage with ranged weapons and melee attacks
   (+2).
   It affects your resistance to hostile enchantments.
Rods
 t - a +8 rod of inaccuracy (14/14)
   (You found it in a bailey)
Jewellery
 i - an amulet of magic regeneration (around neck)
 s - an uncursed ring of flight
 v - a ring of protection from fire (left hand)
 E - an uncursed ring of poison resistance
 W - a ring of positive energy (right hand)
 Z - an uncursed ring of fire
Wands
 N - a wand of iceblast (13/15)
Scrolls
 a - 4 scrolls of random uselessness {unknown}
 k - a scroll of silence
 m - a scroll of acquirement
 n - 5 scrolls of enchant armour
 p - 7 scrolls of remove curse
 q - 4 scrolls of recharging
 w - 4 scrolls of enchant weapon
 y - 2 scrolls of vulnerability
 z - 3 scrolls of fog
 A - 3 scrolls of magic mapping {unknown}
 K - a scroll of holy word
 R - 3 scrolls of amnesia
 S - a scroll of brand weapon {unknown}
Potions
 e - 2 potions of flight {unknown}
 h - 2 potions of magic
 l - 3 potions of cure mutation
 x - 3 potions of resistance
 B - 6 potions of might
 C - 3 potions of ambrosia
 O - 2 potions of brilliance
 U - 3 potions of heal wounds
 V - 3 potions of agility
Books
 d - Lugonu's Disquisition on Unholy Arts
   (You found it on level 14 of the Dungeon)

   Spells                             Type                      Level
   a - Control Undead                 Necromancy                   4
   b - Dispel Undead                  Necromancy                   5
 F - Kikubaaqudgha's Incunabulum of Stolen Souls
   (Kikubaaqudgha gifted it to you on level 5 of the Dungeon)

   Spells                             Type                      Level
   a - Animate Skeleton               Necromancy                   1
   b - Corpse Rot                     Necromancy                   2
   c - Sublimation of Blood           Necromancy                   2
   d - Regeneration                   Charms/Necromancy            3
   e - Control Undead                 Necromancy                   4
 T - Kikubaaqudgha's Papyrus of Evil
   (Kikubaaqudgha gifted it to you on level 9 of the Dungeon)

   Spells                             Type                      Level
   a - Animate Dead                   Necromancy                   4
   b - Excruciating Wounds            Charms/Necromancy            5
   c - Bolt of Draining               Conjuration/Necromancy       5
   d - Cigotuvi's Embrace             Necromancy                   5
   e - Dispel Undead                  Necromancy                   5
Comestibles
 f - 2 bread rations
 D - 9 slices of pizza
 G - 32 fruits
 H - 2 meat rations
 I - 5 royal jellies


   Skills:
 - Level 10.2 Fighting
 - Level 8.1 Short Blades
 - Level 14.0 Maces & Flails
 - Level 7.2 Armour
 - Level 6.8 Stealth
 - Level 10.1 Shields
 + Level 10.8 Spellcasting
 + Level 13.7 Necromancy


You had 21 spell levels left.
You knew the following spells:

 Your Spells              Type           Power        Failure   Level  Hunger
a - Regeneration          Chrm/Necr      ###.......   8%          3    #......
b - Animate Skeleton      Necr           N/A          1%          1    None
c - Corpse Rot            Necr           N/A          1%          2    None
d - Animate Dead          Necr           N/A          1%          4    ###....
e - Cigotuvi's Embrace    Necr           #####.....   4%          5    #####..


Dungeon Overview and Level Annotations

Branches:
Dungeon (15/15)            Temple (0/1) D:5            Lair (6/6) D:8
  Swamp (1/4) Lair:3       Spider (0/4) Lair:2          Orc (0/2) D:11
 Vaults (0/5) D:14         Depths (0/5) D:15
  Slime: Lair:5-6

Altars:
Ashenzari
Dithmenos
Elyvilon
Kikubaaqudgha
Nemelex Xobeh
Okawaru
Sif Muna
Trog
Xom
Zin
The Shining One
Lugonu

Shops:
D:15 *

Annotations:
D:4 Menkaure
Lair:6 exclusion: oklob plant


Innate Abilities, Weirdness & Mutations

You are under a permanent stasis effect.
You can dig through walls and to a lower floor.
Your four strong arms can wield two-handed weapons with a shield.
You have a pair of large antennae on your head. (SInv)
You are clumsy. (Dex -2)
Your system is resistant to poisons. (rPois)
You are covered in fur. (AC +1)
You are resistant to electric shocks. (rElec)
Your movements are slightly less encumbered by armour. (ER -2)


Message History

An ogre mage comes into view.
The ogre mage shouts!
You hear a shout!
The ogre mage casts a spell at you. The bolt of fire hits you! You resist.
You puncture the ettin!
The ettin writhes in agony.
The ettin is heavily wounded.
The ettin hits you with a dire flail!!!
The ettin hits you with a dire flail of crushing!!!
* * * LOW HITPOINT WARNING * * *
You are too injured to fight recklessly!
Okay, then.
You block the ettin's attack.
The ettin hits you with a dire flail of crushing.
* * * LOW HITPOINT WARNING * * *
x2 An orc sorcerer comes into view. It is wielding a dagger.
The orc sorcerer mumbles some strange words.
The ogre mage casts a spell at you. The crystal spear hits you!
You die...
Kikubaaqudgha rasps: "You have failed me!
Welcome... death!"

. # .#. ..# # #.#
.## #.# { #..
#.####.####
#######.o.4.#..>#
#..@.OC.#.#.....#
#.#####...#.#...#
#.# #.###*. .#.#
#.# #+# #... .#.
#.# ##### # #<#
#...+ ###.# { .#


You could see an ettin, an ogre mage, an orc sorcerer and a red devil.

Vanquished Creatures
  Rupert (D:14)
  A tentacled starspawn (Abyss:1)
  Nessos (D:14)
  Josephine (Lair:5)
  A minotaur (Lab)
  3 hydras
  Erica (D:11)
  3 catoblepae
  2 death knights (D:14)
  2 ogre magi (D:14)
  A centaur warrior (D:13)
  A deep troll shaman (Lair:6)
  A tengu warrior (D:8)
  6 death yaks (Lair:6)
  Urug (Lair:5)
  A thrashing horror (Abyss:1)
  The ghost of Haldmier the Carver, a novice HESk of Ashenzari (D:8)
  A skeletal warrior (D:14)
  3 unseen horrors
  5 hill giants
  A necromancer (D:11)
  4 orc knights
  2 deep elf magi
  2 ugly things
  A moth of wrath (D:4)
  A mana viper (shapeshifter) (D:13)
  2 cyclopes (D:12)
  9 elephants (Lair:6)
  4 black mambas
  Maurice (D:9)
  A torpor snail (Lair:6)
  12 spiny frogs
  3 efreet
  2 rime drakes
  9 komodo dragons
  3 yaktaurs (D:14)
  3 kobold demonologists
  A queen bee (D:11)
  A tengu conjurer (D:15)
  An ancient zyme (Abyss:1)
  4 jumping spiders (Lair:2)
  3 meliai (D:13)
  6 two-headed ogres
  A tyrant leech (Lair:3)
  A hornet (D:12)
  6 trolls
  6 polar bears
  7 slime creatures
  9 hippogriffs
  A meliai zombie (D:14)
  8 dream sheep (Lair:6)
  5 blink frogs
  Sigmund (D:6)
  A shadow (D:12)
  2 wyverns
  A redback (D:11)
  A vampire (D:14)
  2 small abominations (Abyss:1)
  4 wraiths
  The ghost of braks the Skirmisher, an amateur DsMo (D:3)
  46 yaks
  2 hungry ghosts
  4 basilisks
  A warg (D:14)
  Edmund (D:6)
  10 water moccasins
  5 porcupines
  6 ice beasts
  A sky beast (D:6)
  4 black bears
  10 orc warriors
  A necrophage (D:14)
  3 phantoms
  A human (D:5)
  18 centaurs
  9 ogres
  8 wolves
  9 crocodiles
  4 big kobolds
  23 bullfrogs
  A gnoll sergeant (D:5)
  A wyvern zombie (D:12)
  A wyvern skeleton (D:11)
  4 scorpions
  A water moccasin skeleton (D:4)
  14 wights
  46 killer bees
  4 centaur zombies
  6 crimson imps
  A quasit (D:9)
  2 bullfrog zombies
  5 hounds
  4 jellies
  10 orc priests
  5 bullfrog skeletons
  10 centaur skeletons
  A human zombie (D:5)
  3 iguanas
  15 orc wizards
  13 worker ants
  2 polar bear simulacra (D:11)
  2 yak simulacra (D:11)
  4 wolf simulacra (D:11)
  8 mummies (Ossuary)
  2 worker ant zombies (D:8)
  A howler monkey zombie (D:11)
  5 gnolls (D:5)
  21 adders
  5 shadow imps
  A worker ant simulacrum (D:11)
  3 oozes
  4 adder skeletons
  3 worms
  3 dart slugs
  4 leopard geckos
  78 orcs
  7 giant cockroaches
  2 gnoll zombies (Ossuary)
  4 hobgoblins
  13 jackals
  13 kobolds
  7 quokkas
  2 ball pythons
  4 bats
  8 frilled lizards
  4 goblins
  2 hobgoblin zombies (Ossuary)
  3 kobold zombies (Ossuary)
  A leopard gecko skeleton (D:6)
  A leopard gecko zombie (D:5)
  An orc zombie (Ossuary)
  A quokka skeleton (D:5)
  14 rats
  3 river rat simulacra (D:11)
  A plant (Lair:6)
720 creatures vanquished.

Vanquished Creatures (collateral kills)
  Sonja (D:10)
1 creature vanquished.

Vanquished Creatures (others)
  A bush (Lair:6)
  12 fungi
  28 plants
  8 starspawn tentacles (Abyss:1)
49 creatures vanquished.

Grand Total: 770 creatures vanquished

Notes
Turn   | Place    | Note
-------+----------+-------------------------------------------
     0 | D:1      | McCoppin the Formicid Fighter began the quest for the Orb.
     0 | D:1      | Reached XP level 1. HP: 18/18 MP: 1/1
   222 | D:1      | Reached XP level 2. HP: 25/25 MP: 2/2
   719 | D:2      | Reached XP level 3. HP: 30/30 MP: 3/3
   947 | D:2      | Found a glowing golden altar of the Shining One.
  1022 | D:2      | Reached skill level 3 in Maces & Flails
  1022 | D:2      | Reached XP level 4. HP: 35/37 MP: 4/4
  1070 | D:2      | Found a faded altar of an unknown god.
  1221 | D:3      | Found a shattered altar of Ashenzari.
  1225 | D:3      | Noticed braks's ghost (amateur DsMo)
  2190 | D:3      | Killed braks's ghost
  2190 | D:3      | Reached skill level 5 in Maces & Flails
  2190 | D:3      | Reached XP level 5. HP: 36/42 MP: 5/5
  2190 | D:3      | Reached XP level 6. HP: 41/48 MP: 6/6
  2414 | D:3      | Reached skill level 6 in Maces & Flails
  2713 | D:3      | Found a white marble altar of Elyvilon.
  3040 | D:4      | Reached XP level 7. HP: 39/54 MP: 7/7
  3196 | D:4      | Reached skill level 7 in Maces & Flails
  3512 | D:4      | Noticed Menkaure
  3731 | D:4      | Noticed a moth of wrath
  3734 | D:4      | Found a bloodstained altar of Trog.
  3796 | D:4      | Killed a moth of wrath
  3796 | D:4      | Reached skill level 8 in Maces & Flails
  3796 | D:4      | Reached XP level 8. HP: 24/60 MP: 8/8
  3848 | D:5      | Entered Level 5 of the Dungeon
  3905 | D:5      | Found an ancient bone altar of Kikubaaqudgha.
  3908 | D:5      | Noticed a human
  3913 | D:5      | Became a worshipper of Kikubaaqudgha
  3917 | D:5      | Killed a human
  3937 | D:5      | Reached skill level 9 in Maces & Flails
  4013 | D:5      | Found a staircase to the Ecumenical Temple.
  4156 | D:5      | Found a sand-covered staircase.
  4208 | Ossuary  | Entered an ossuary
  4355 | Ossuary  | Reached skill level 1 in Necromancy
  4976 | D:5      | Reached * piety under Kikubaaqudgha
  4976 | D:5      | Identified Kikubaaqudgha's Incunabulum of Stolen Souls (Kikubaaqudgha gifted it to you on level 5 of the Dungeon)
  4976 | D:5      | Received a gift from Kikubaaqudgha
  4991 | D:5      | Learned a level 3 spell: Regeneration
  5350 | D:5      | Reached XP level 9. HP: 57/65 MP: 9/9
  5747 | D:6      | Noticed Sigmund
  5762 | D:6      | Killed Sigmund
  5762 | D:6      | Reached skill level 10 in Maces & Flails
  5826 | D:6      | Found an iron altar of Okawaru.
  5988 | D:6      | Reached skill level 5 in Necromancy
  6253 | D:6      | Reached ** piety under Kikubaaqudgha
  6376 | D:6      | Noticed Edmund
  6392 | D:6      | Killed Edmund
  6686 | D:6      | Got a slimy chain mail
  6696 | D:6      | Identified the +3 chain mail "Edim" {MR- Str+3 Slay+2} (You found it on level 6 of the Dungeon)
  7018 | D:6      | Reached skill level 11 in Maces & Flails
  7023 | D:6      | Reached XP level 10. HP: 38/71 MP: 10/10
  7513 | D:7      | Found a deep blue altar of Sif Muna.
  7993 | D:8      | Found a shadowy altar of Dithmenos.
  8254 | D:8      | Noticed Haldmier's ghost (novice HESk)
  8742 | D:8      | Killed Haldmier's ghost
  8859 | D:8      | Found a glowing silver altar of Zin.
  8912 | D:8      | Reached skill level 12 in Maces & Flails
  9120 | D:8      | You fall through a shaft for 2 floors!
  9120 | D:10     | Entered Level 10 of the Dungeon
  9307 | D:9      | Reached *** piety under Kikubaaqudgha
  9307 | D:9      | Identified Kikubaaqudgha's Papyrus of Evil (Kikubaaqudgha gifted it to you on level 9 of the Dungeon)
  9307 | D:9      | Received a gift from Kikubaaqudgha
  9541 | D:9      | Noticed Maurice
  9571 | D:8      | Found a staircase to the Lair.
  9615 | D:8      | Reached XP level 11. HP: 77/77 MP: 11/11
  9733 | D:8      | Noticed a tengu warrior
 10138 | D:8      | Reached skill level 13 in Maces & Flails
 10773 | D:8      | Found a sparkling altar of Nemelex Xobeh.
 10857 | D:8      | Reached **** piety under Kikubaaqudgha
 10896 | D:8      | Killed a tengu warrior
 10896 | D:8      | Reached skill level 10 in Necromancy
 11048 | Lair:1   | Entered Level 1 of the Lair of Beasts
 11432 | D:9      | Killed Maurice
 12405 | Lair:2   | Found a labyrinth entrance.
 12418 | Lair:2   | Learned a level 1 spell: Animate Skeleton
 12421 | Lair:2   | Learned a level 2 spell: Corpse Rot
 12431 | Lab      | Entered a labyrinth
 12455 | Lab      | Noticed an unseen horror
 12458 | Lab      | Killed an unseen horror
 12475 | Lab      | Noticed an unseen horror
 12483 | Lab      | Killed an unseen horror
 12483 | Lab      | Reached XP level 12. HP: 76/83 MP: 12/12
 12553 | Lab      | Found an exit through the horrors of the Abyss.
 12606 | Lab      | Noticed a minotaur
 12618 | Lab      | Killed a minotaur
 12624 | Lab      | Got a slimy rapier
 12917 | Lair:2   | Reached skill level 14 in Maces & Flails
 13114 | Lair:2   | Reached skill level 1 in Spellcasting
 13136 | Lair:2   | Reached skill level 5 in Fighting
 13336 | Lair:2   | Found a hole to the Spider Nest.
 13520 | Lair:3   | Noticed a six-headed hydra
 13531 | Lair:3   | Killed a six-headed hydra
 13542 | Lair:3   | Reached skill level 5 in Armour
 14467 | Lair:3   | Noticed a catoblepas
 14519 | Lair:3   | Identified the +6 rapier of False Accusations {antimagic, Stlth+} (You found it in a labyrinth)
 14544 | Lair:3   | Killed a catoblepas
 14892 | Lair:3   | Found a staircase to the Swamp.
 15071 | Swamp:1  | Entered Level 1 of the Swamp
 15105 | Lair:4   | Noticed a catoblepas
 15239 | Lair:4   | Reached skill level 5 in Spellcasting
 15410 | Lair:4   | Killed a catoblepas
 15410 | Lair:4   | Reached XP level 13. HP: 57/96 MP: 20/20
 15566 | Lair:4   | Learned a level 4 spell: Animate Dead
 16391 | Lair:5   | Noticed Urug
 16391 | Lair:5   | Noticed Josephine
 16458 | Lair:5   | Identified a scroll of acquirement
 16643 | Lair:5   | Reached skill level 1 in Short Blades
 16730 | Lair:5   | Noticed an eight-headed hydra
 17119 | Lair:6   | Entered Level 6 of the Lair of Beasts
 17217 | Lair:6   | Reached ***** piety under Kikubaaqudgha
 17402 | Lair:6   | Reached skill level 5 in Short Blades
 18653 | Lair:6   | Reached skill level 5 in Shields
 18906 | Lair:6   | Noticed a catoblepas
 18934 | Lair:6   | Reached XP level 14. HP: 63/104 MP: 22/22
 19683 | Lair:6   | Identified Faeqipiu's Collected Works on Fiery Aid
 19732 | Lair:6   | Reached skill level 10 in Shields
 19778 | Lair:6   | Got a bloodstained flail
 19781 | Lair:6   | Identified the +11 flail of Generosity {freeze, Str+4 Int+4} (You found it on level 6 of the Lair of Beasts)
 20580 | Lair:5   | Killed Josephine
 21301 | Lair:5   | Killed Urug
 21350 | Lair:4   | Reached skill level 5 in Stealth
 21703 | D:10     | Noticed Sonja
 21727 | D:10     | Cast into level 1 of the Abyss (Sonja)
 21736 | Abyss:1  | Noticed a starcursed mass
 21963 | Abyss:1  | Noticed a tentacled starspawn
 21996 | Abyss:1  | Killed a tentacled starspawn
 22089 | D:10     | Escaped the Abyss
 22096 | D:10     | Killed Sonja
 22099 | D:10     | Upgraded the game from 0.19.0-9-gfd783f2 to 0.19.0-11-g3fc08b3
 22760 | D:10     | Reached ****** piety under Kikubaaqudgha
 22767 | D:10     | Identified a +8 quick blade of pain (a +6 quick blade bloodied by Kikubaaqudgha)
 22767 | D:10     | Received a gift from Kikubaaqudgha
 23143 | D:11     | Reached skill level 10 in Fighting
 23168 | D:11     | Learned a level 5 spell: Cigotuvi's Embrace
 23386 | D:11     | Found a staircase to the Orcish Mines.
 23666 | D:11     | Reached XP level 15. HP: 97/115 MP: 24/24
 24100 | D:11     | Noticed Erica
 24116 | D:11     | Killed Erica
 24548 | D:12     | Found a flagged portal.
 24667 | D:12     | Gained mutation: You are resistant to electric shocks. (rElec) [potion of mutation]
 24667 | D:12     | Gained mutation: You are resistant to hostile enchantments. (MR+) [potion of mutation]
 24667 | D:12     | Gained mutation: Your system is resistant to poisons. (rPois) [potion of mutation]
 24668 | D:12     | Lost mutation: You are resistant to hostile enchantments. (MR+) [potion of mutation]
 24668 | D:12     | Gained mutation: You are frail. (-10% HP) [potion of mutation]
 24668 | D:12     | Gained mutation: Your movements are slightly less encumbered by armour. (ER -2) [potion of mutation]
 24669 | D:12     | Lost mutation: You are frail. (-10% HP) [potion of mutation]
 24669 | D:12     | Gained mutation: You are clumsy. (Dex -2) [potion of mutation]
 24669 | D:12     | Gained mutation: You are covered in fur. (AC +1) [potion of mutation]
 24673 | Bailey   | Entered a bailey
 25417 | D:12     | Found a shimmering altar of Xom.
 26468 | D:14     | Noticed Nessos
 26736 | D:14     | Killed Nessos
 27269 | D:14     | Noticed Rupert
 27304 | D:14     | Killed Rupert
 27304 | D:14     | Reached skill level 10 in Spellcasting
 27579 | D:14     | Reached XP level 16. HP: 117/122 MP: 30/30
 27704 | D:14     | Found a corrupted altar of Lugonu.
 27711 | D:14     | Identified Lugonu's Disquisition on Unholy Arts
 28107 | D:14     | Found a gate to the Vaults.
 28157 | D:15     | Entered Level 15 of the Dungeon
 28157 | D:15     | Found Ohovas's Elemental Accessories.
 28911 | D:15     | Found a staircase to the Depths.
 28927 | D:15     | Killed from afar by an ogre mage

Skill      XL: |  1  2  3  4  5  6  7  8  9 10 11 12 13 14 15 |
---------------+----------------------------------------------+-----
Fighting       | 4 7 10 | 10.2
Maces & Flails | 3 5 6 8 9 11 12 13 14 | 14.0
Necromancy     | 3 6 9 11 13 | 13.7
Spellcasting   | 5 6 10 | 10.8
Armour         | 6 7 |  7.2
Short Blades   | 8 |  8.1
Shields        | 6 10 | 10.1
Stealth        | 6 |  6.8

Action                   |  1- 3 |  4- 6 |  7- 9 | 10-12 | 13-15 | 16-18 || total
-------------------------+-------+-------+-------+-------+-------+-------++-------
Melee: Flail             |    96 |   159 |       |       |    44 |       ||   299
       Mace              |       |   108 |   647 |   354 |       |       ||  1109
       Dire flail        |       |       |       |   335 |   736 |       ||  1071
       Quick blade       |       |       |       |       |   822 |   170 ||   992
Throw: Throwing net      |       |       |       |     1 |       |       ||     1
 Cast: Animate Skeleton  |       |       |       |     6 |       |       ||     6
       Corpse Rot        |       |       |       |     1 |       |       ||     1
       Animate Dead      |       |       |       |       |     1 |       ||     1
       Regeneration      |       |       |       |       |     9 |     2 ||    11
       Cigotuvi's Embrac |       |       |       |       |     5 |     2 ||     7
Invok: Receive Corpses   |       |       |       |     2 |     1 |       ||     3
       Brand Weapon With |       |       |       |       |     1 |       ||     1
 Abil: Dig               |       |     2 |    11 |    18 |    26 |     1 ||    58
  Use: Potion            |       |       |     1 |    11 |    10 |       ||    22
       Scroll            |       |       |    16 |     4 |    17 |       ||    37
 Stab: Distracted        |       |       |       |       |     2 |       ||     2
  Eat: Chunk             |       |     8 |     6 |    13 |    25 |       ||    52
       Bread ration      |       |       |     2 |     3 |     4 |       ||     9
       Fruit             |       |       |     1 |       |       |       ||     1
       Beef jerky        |       |       |       |     6 |     1 |     2 ||     9
       Pizza             |       |       |       |     1 |       |       ||     1
       Meat ration       |       |       |       |       |       |     1 ||     1
Armor: Scale mail        |    42 |   155 |    74 |       |       |       ||   271
       Chain mail        |       |       |   197 |   289 |   378 |    30 ||   894
       Skin              |       |       |       |       |    14 |       ||    14
Dodge: Dodged            |    26 |    82 |   118 |   122 |   266 |    27 ||   641
Block: Shield            |    37 |   141 |   261 |   225 |   542 |    52 ||  1258
